 Dungeon Crawl Stone Soup version 0.17-a0-2065-g0bb3e6b (webtiles) character file.

49 Ghalim the Conjurer (level 4, -1/34 HPs)
             Began as a Human Conjurer on Oct 13, 2015.
             Slain by a hobgoblin (2 damage)
             ... on level 3 of the Dungeon.
             The game lasted 00:05:10 (2487 turns).

Ghalim the Conjurer (Human Conjurer)                Turns: 2487, Time: 00:05:10

Health: -1/34      AC:  2    Str:  9    XL:     4   Next: 2%
Magic:  1/7        EV: 12    Int: 16    God:
Gold:   139        SH:  0    Dex: 13    Spells: 1 memorised, 6 levels left

rFire  . . .     SeeInvis .     f - +0 whip
rCold  . . .     Clarity  .     a - +0 robe
rNeg   . . .     SustAt   .     (no shield)
rPois  .         Gourm    .     (no helmet)
rElec  .         Spirit   .     (no cloak)
rCorr  .         Warding  .     (no gloves)
rMut   .         Stasis   .     (no boots)
MR     .....                    (no amulet)
Stlth  ++........               (no ring)
                                (no ring)

@: not resistant to hostile enchantments, unstealthy
A: no striking features
a: no special abilities


You were on level 3 of the Dungeon.
You were not hungry.

You visited 1 branch of the dungeon, and saw 3 of its levels.

You collected 139 gold pieces.

Inventory:

Hand Weapons
 f - a +0 whip (weapon)
Armour
 a - a +0 robe (worn)
 k - a cursed +0 leather armour
 l - a +0 pair of gloves
 o - a +0 buckler
 q - a +0 helmet
Wands
 m - a wand of polymorph (7)
Scrolls
 e - a scroll of random uselessness {unknown}
 g - 3 scrolls of identify {unknown}
 n - a scroll of magic mapping {unknown}
 p - 2 scrolls of recharging {unknown}
 r - 2 scrolls of remove curse {unknown}
 u - a scroll of blinking {unknown}
Potions
 j - 3 potions of might {unknown}
 t - 2 potions of brilliance {unknown}
Books
 b - a book of Conjurations

   Spells                             Type                      Level
   a - Magic Dart                     Conjuration                  1
   b - Searing Ray                    Conjuration                  2
   c - Dazzling Spray                 Conjuration/Hexes            3
   d - Fulminant Prism                Conjuration/Hexes            4
   e - Iskenderun's Mystic Blast      Conjuration                  4
   f - Iskenderun's Battlesphere      Conjuration/Charms           5
Comestibles
 c - 2 bread rations
 d - 3 fruits
 h - a beef jerky
 i - a royal jelly
 s - a meat ration


   Skills:
 + Level 2.3 Fighting
 * Level 2.0 Maces & Flails
 - Level 2.0 Dodging
 - Level 2.0 Stealth
 - Level 2.0 Spellcasting
 - Level 4.0 Conjurations


You had 6 spell levels left.
You knew the following spells:

 Your Spells              Type           Power        Failure   Level  Hunger
a - Magic Dart            Conj           ##..         4%          1    #......


Dungeon Overview and Level Annotations

Branches:
Dungeon (3/15)

Altars:
Sif Muna

Annotations:
D:2 Robin


Message History

The hobgoblin is heavily wounded.
The hobgoblin hits you.
* * * LOW HITPOINT WARNING * * *
You hit the hobgoblin but do no damage.
The hobgoblin is heavily wounded.
The hobgoblin hits you.
* * * LOW HITPOINT WARNING * * *
You closely miss the hobgoblin.
The hobgoblin is heavily wounded.
The hobgoblin hits you but does no damage.
You barely miss the hobgoblin.
The hobgoblin is heavily wounded.
The hobgoblin misses you.
You barely miss the hobgoblin.
The hobgoblin is heavily wounded.
The hobgoblin closely misses you.
You closely miss the hobgoblin.
The hobgoblin is heavily wounded.
The hobgoblin hits you.
You die...

##.....
#.....#
###.....#
........#
........##
.........#
......†g.#
#...†@.## +#
#.......##.#
######.....#
#.....#
#.(...#
##..#.#
##.#.# #.#.#
#...#


You could see a hobgoblin.

Vanquished Creatures
  An adder (D:3)
  An ooze (D:1)
  A worm (D:2)
  2 giant cockroaches
  4 hobgoblins
  4 kobolds
  A quokka (D:3)
  6 bats
  A giant newt (D:3)
  7 goblins
  5 rats
33 creatures vanquished.

Notes
Turn   | Place    | Note
--------------------------------------------------------------
     0 | D:1      | Ghalim the Human Conjurer began the quest for the Orb.
     0 | D:1      | Reached XP level 1. HP: 13/13 MP: 3/3
    58 | D:1      | Reached skill level 1 in Fighting
    60 | D:1      | Reached XP level 2. HP: 9/21 MP: 0/5
  1210 | D:2      | Found a deep blue altar of Sif Muna.
  1393 | D:2      | Reached skill level 1 in Maces & Flails
  1393 | D:2      | Reached XP level 3. HP: 27/27 MP: 0/6
  1456 | D:2      | Noticed Robin
  2479 | D:3      | Reached XP level 4. HP: 7/34 MP: 1/7
  2483 | D:3      | HP: 1/34 [hobgoblin (4)]
  2487 | D:3      | Slain by a hobgoblin

Vault maps used:
D:1:      elethiomel_arrival_fortress_basement, roderic_serpentine_path,
          minmay_misc_feat_x
D:2:      lemuel_blue_sif_altar, uniq_robin

Action                   |  1- 3 |  4- 6 || total
-------------------------+-------+-------++-------
Melee: Unarmed           |     9 |       ||     9
       Whip              |    28 |     7 ||    35
 Cast: Magic Dart        |    74 |     1 ||    75
  Eat: Chunk             |     6 |       ||     6
